 Dungeon Crawl Stone Soup version 0.29-a0-870-g2c972031a6 (webtiles) character file.

Game seed: 8528618454134855683

1617 concernfroge the Fighter (level 8, -1/72 HPs)
             Began as a Mummy Monk on July 17, 2022.
             Slain by a two-headed ogre
             ... wielding a +0 giant club
              (21 damage)
             ... on level 6 of the Dungeon.
             The game lasted 00:16:27 (6309 turns).

concernfroge the Fighter (Mummy Monk)               Turns: 6309, Time: 00:16:27

Health: -1/72      AC: 15    Str: 16    XL:     8   Next: 64%
Magic:  8/8        EV:  5    Int:  9    God:
Gold:   298        SH:  0    Dex: 15    Spells: 7/7 levels left

rFire   x . .      SeeInvis .   g - +2 lajatang (vamp)
rCold   + . .      Faith    .   (shield currently unavailable)
rNeg    + + +      Spirit   .   j - +0 plate armour
rPois   ∞          Reflect  .   (no helmet)
rElec   .          Harm     .   (no cloak)
rCorr   .          Rampage  .   (no gloves)
Will    +....                   o - +0 pair of boots
Stlth   ..........              (no amulet)
HPRegen 0.22/turn               f - +4 ring of slaying
MPRegen 0.11/turn               b - +4 ring of protection

@: no status effects
A: cold resistance 1, negative energy resistance 3, torment resistance 2, heat
vulnerability 1, in touch with death 1, no potions
a: no special abilities


You were on level 6 of the Dungeon.
You visited 1 branch of the dungeon, and saw 7 of its levels.

You collected 298 gold pieces.

Inventory:

Hand Weapons
 g - a +2 vampiric lajatang (weapon)
Armour
 j - a +0 plate armour (worn)
 o - a +0 pair of boots (worn)
Jewellery
 b - a +4 ring of protection (right hand)
 d - a ring of willpower
 e - a ring of willpower
 f - a +4 ring of slaying (left hand)
 i - an amulet of faith
 k - a +6 ring of strength
Wands
 c - a wand of flame (7)
 m - a wand of charming (10)
Scrolls
 h - a scroll of amnesia
 l - 2 scrolls of fog
 n - 2 scrolls of magic mapping


   Skills:
 - Level 10.0 Fighting
 - Level 2.4(3.8) Polearms
 + Level 4.4(4.8) Staves
 - Level 2.4 Dodging
 - Level 1.5 Stealth


You had 7 spell levels left.
You didn't know any spells.
Your spell library contained the following spells:

 Spells                   Type           Power      Damage    Failure   Level
 Slow                     Hex            0%         N/A       100%        1
 Blink                    Tloc           0%         N/A       100%        2
 Confusing Touch          Hex            0%         N/A       100%        3
 Dazzling Flash           Conj/Hex       0%         N/A       100%        3
 Vampiric Draining        Necr           0%         2d6       100%        3
 Agony                    Necr           0%         N/A       100%        5
 Manifold Assault         Tloc           0%         N/A       100%        5
 Silence                  Hex/Air        0%         N/A       100%        5
 Storm Form               Tmut/Air       Unusable   N/A       N/A         7

Dungeon Overview and Level Annotations

Branches:
Dungeon (7/15)
 Temple: D:4-7

Altars:
Okawaru


Innate Abilities, Weirdness & Mutations

You are immune to poison.
Your flesh is cold resistant. (rC+)
You are immune to negative energy. (rN+++)
You are immune to unholy pain and torment.
You are vulnerable to heat. (rF-)
You are in touch with the powers of death.
You do not drink.


Message History

You start putting on your armour.
You continue putting on your +0 pair of boots. x4
You finish putting on your +0 pair of boots.
As you read the scroll of identify, it crumbles to dust.
n - 2 scrolls of magic mapping
Items here: ))) [[ ÷.
Found a stone staircase leading up.
Okay, then.
Done exploring.
(D) Dungeon
Where to? (Enter - D:5 @ (x,y), ? - help)
What level of the Dungeon? (default 1, ? - help)
There is a stone staircase leading up here.
You climb upwards.
There is a stone staircase leading down here.
You see here a +0 chain mail.
Done exploring.
(D) Dungeon
Where to? (Enter - D:4, ? - help)
What level of the Dungeon? (default 1, ? - help)
Things that are here:
3 stones; a +0 short sword
There is a stone staircase leading down here.
You climb downwards.
There is a stone staircase leading up here.
There is a stone staircase leading down here.
You climb downwards.
The two-headed ogre hits you with a +0 giant club!!
The two-headed ogre hits you with a +0 giant club!
There is a stone staircase leading up here.
Okay, then.
As you read the scroll of fog, it crumbles to dust.
The scroll dissolves into smoke.
The two-headed ogre hits you with a +0 giant club!
The two-headed ogre closely misses you.
The two-headed ogre attacks as you move away!
The two-headed ogre hits you with a +0 giant club!
* * * LOW HITPOINT WARNING * * *
The two-headed ogre hits you with a +0 giant club!!
You die...

.........# #........#
...# .>.......# .).#
#.#......########...#
..##.............^.)###
#######.... ....#......
... #.§§§..# ##.. ..
#§§§§..# ....##.
##§§@§§.#
####..#.##.##.§§§O..#
........ #....#§§...#
#.....# ##..##.....#
....# ##..###.####
...## #...# #.#
....######..####.#
###..##.......##.#
####.##.......#


You could see a two-headed ogre.

Vanquished Creatures
  A hornet (D:7)
  Eustachio (D:4)
  Duvessa (D:7)
  A water moccasin (D:7)
  3 black bears
  2 bullfrogs
  Dowan (D:7)
  3 hounds
  2 jellies
  3 iguanas
  Terence (D:3)
  7 orc wizards
  6 gnolls
  6 adders
  An ufetubus (D:6)
  2 worms
  2 dart slugs
  11 orcs
  6 ball pythons
  8 endoplasms
  10 hobgoblins
  5 kobolds
  2 quokkas
  3 bats
  5 frilled lizards
  5 goblins
  7 rats (D:1)
105 creatures vanquished.

Notes
Turn   | Place    | Note
-------+----------+-------------------------------------------
     0 | D:1      | concernfroge the Mummy Monk began the quest for the Orb.
     0 | D:1      | Reached XP level 1. HP: 18/18 MP: 1/1
   161 | D:1      | Reached XP level 2. HP: 24/24 MP: 2/2
   484 | D:1      | Found Luruo's Book Shop.
   573 | D:1      | Reached skill level 4 in Fighting
   791 | D:2      | Gained mutation: You are in touch with the powers of death.
                  | [Mummy growth]
   791 | D:2      | Reached XP level 3. HP: 26/30 MP: 3/3
  1698 | D:3      | Noticed Terence
  1736 | D:3      | Reached XP level 4. HP: 12/38 MP: 4/4
  1737 | D:3      | Killed Terence
  1738 | D:3      | Reached skill level 5 in Fighting
  2504 | D:3      | Found a faded altar of an unknown god.
  2734 | D:3      | Reached XP level 5. HP: 46/46 MP: 5/5
  3232 | D:3      | Reached skill level 6 in Fighting
  3830 | D:4      | Noticed Eustachio
  3850 | D:4      | Killed Eustachio
  3851 | D:4      | Reached skill level 7 in Fighting
  3851 | D:4      | Reached XP level 6. HP: 54/55 MP: 6/6
  4113 | D:4      | Reached skill level 8 in Fighting
  4113 | D:4      | Reached XP level 7. HP: 59/62 MP: 7/7
  4187 | D:4      | You fall into a shaft and drop 2 floors!
  4201 | D:6      | Noticed a two-headed ogre
  4220 | D:7      | Noticed a hornet
  4237 | D:7      | Killed a hornet
  4636 | D:7      | Noticed Duvessa
  4649 | D:7      | Noticed Dowan
  4666 | D:7      | Killed Duvessa
  4667 | D:7      | Reached skill level 9 in Fighting
  4676 | D:7      | Killed Dowan
  4945 | D:7      | Reached XP level 8. HP: 51/72 MP: 8/8
  5150 | D:7      | Noticed a boulder beetle
  5326 | D:6      | Reached skill level 10 in Fighting
  5327 | D:6      | Reached skill level 1 in Staves
  5359 | D:6      | Found an iron altar of Okawaru.
  5411 | D:5      | Entered Level 5 of the Dungeon
  6309 | D:6      | Slain by a two-headed ogre

Illustrated notes

Levels and vault maps discovered:
D:1:      dpeg_arrival_central, layout_basic, serial_shops, nicolae_shop_stone
D:2:      layout_loops_ring, basic_altar, chequers_serial_rivers_large_b
D:3:      layout_basic, basic_ecumenical_altar,
          wander_ebering_terrifying_dragon_lair, uniq_terence
D:4:      layout_cave_pools, uniq_eustachio
D:5:      layout_cave_pods
D:6:      layout_rooms, okawaru_metal_pillars_1_2, minmay_misc_feat_roman,
          lemuel_flamethrower_1
D:7:      layout_basic, minmay_temple_entry_antechambers,
          kennysheep_small_spiral, uniq_duvessa

Skill      XL: |  1  2  3  4  5  6  7  8 |
---------------+-------------------------+-----
Fighting       | 4 5 7 8 9 10 | 10.0
Staves         | 4 |  4.4
Polearms       | |  2.4
Dodging        | |  2.4
Stealth        | |  1.5

Action                   |  1- 3 |  4- 6 |  7- 9 || total
-------------------------+-------+-------+-------++-------
Melee: Spear             |   168 |   213 |       ||   381
       Punch             |     1 |     2 |       ||     3
       Lajatang          |       |    26 |    93 ||   119
  Use: Scroll            |     2 |     4 |     7 ||    13
 Stab: Sleeping          |     2 |       |       ||     2
Armor: Ring mail         |    27 |       |       ||    27
       Scale mail        |    29 |       |       ||    29
       Chain mail        |       |   116 |       ||   116
       Plate armour      |       |     2 |   102 ||   104
Dodge: Dodged            |    73 |    75 |    36 ||   184

Table legend: (Time is in decaauts)
 A = Elapsed time spent in this place.
 B = Non-inter-level travel time spent in this place.
 C = Inter-level travel time spent in this place.
 D = Time resting spent in this place.
 E = Time spent auto-exploring this place.
 F = Levels seen in this place.
 G = Mean time per level.
                   A        B        C        D        E       F      G
               +--------+--------+--------+--------+--------+-----+--------+
         Total |   6337 |   6108 |    229 |   1600 |   3450 |   7 |  905.3 |
       Dungeon |   6337 |   6108 |    229 |   1600 |   3450 |   7 |  905.3 |
               +--------+--------+--------+--------+--------+-----+--------+

Top non-repeatable levels by time:
     D:3: 2118 daAuts
     D:7: 963 daAuts
     D:5: 788 daAuts
     D:1: 772 daAuts
     D:4: 718 daAuts
     D:2: 696 daAuts
     D:6: 279 daAuts
